Match 47501220
Unlisted

Match 47501220
End
Selects Italian Combined Arms Battlegroup
Selects Bersaglieri Squad
Bersaglieri Squad
250 Light Carrier
Bersaglieri Squad
Construct Light Support Kompanie
MG34 Team
Bersaglieri Squad
2.5-tonne Medical Truck
Fire Support Elements
Bersaglieri Squad
Pak 38 Mechanized Group
Combat Half-tracks
Construct Panzerarmee Kommand
Selects Bersaglieri Bolster
Panzerpioneer Squad
Selects Semovente da 75/18 Assault Gun
Selects Strafing Run
Strafing Run
Panzer III L Medium Tank
Strafing Run
Sturmi
9magicfingers
Водитель по Губам
-=Thrawn=-
ForeheadRamsay
FORTIS_FRTUNA
じゃんじゃん
Sobieski
0
0

Comments sign in to comment!

No comments posted yet!